 Dungeon Crawl Stone Soup version 0.28-a0-580-ga2639ab843 (webtiles) character file.

Game seed: 13156083231405088549

148 iamoutofideas the Chopper (level 5, -11/44 HPs)
             Began as a Hill Orc Gladiator on Oct 3, 2021.
             Killed from afar by an orc wizard (13 damage)
             ... with a puff of flame
             ... on level 3 of the Dungeon.
             The game lasted 00:01:36 (3071 turns).

iamoutofideas the Chopper (Hill Orc Gladiator)      Turns: 3071, Time: 00:01:36

Health: -11/44     AC:  6    Str: 18    XL:     5   Next: 30%
Magic:  5/5        EV: 11    Int:  8    God:
Gold:   64         SH:  0    Dex: 12    Spells: 4/4 levels left

rFire   . . .      SeeInvis .   a - +0 war axe
rCold   . . .      Faith    .   (no shield)
rNeg    . . .      Spirit   .   i - +0 ring mail
rPois   .          Reflect  .   c - +0 helmet
rElec   .          Harm     .   (no cloak)
rCorr   .          Rampage  .   (no gloves)
Will    .....                   (no boots)
Stlth   ..........              (no amulet)
HPRegen 0.14/turn               (no ring)
MPRegen 0.09/turn               (no ring)

@: confused, mighty
A: no striking features
a: no special abilities


You were on level 3 of the Dungeon.
You visited 1 branch of the dungeon, and saw 3 of its levels.

You collected 64 gold pieces.

Inventory:

Hand Weapons
 a - a +0 war axe (weapon)
Missiles
 d - 3 throwing nets (quivered)
Armour
 b - a +0 leather armour
 c - a +0 helmet (worn)
 i - a +0 ring mail (worn)
Jewellery
 o - a ring of flight
Scrolls
 f - 2 scrolls of teleportation {unknown}
 g - a scroll of enchant weapon {unknown}
 h - a scroll of vulnerability {unknown}
 j - a scroll of enchant armour {unknown}
 k - a scroll of fear {unknown}
 m - a scroll of amnesia {unknown}
 n - a scroll of identify {unknown}
Potions
 l - a potion of curing {unknown}


   Skills:
 + Level 2.9 Fighting
 + Level 5.7 Axes
 + Level 2.1 Throwing
 + Level 1.8 Armour
 + Level 3.2 Dodging
 + Level 0.2 Stealth


You had 4 spell levels left.
You didn't know any spells.
Your spell library was empty.

Dungeon Overview and Level Annotations

Branches:
Dungeon (3/15)

Altars:
Trog


Message History

Something tries to affect you, but you resist.
Something hits you.
Items here: ))) [[ ††.
You miss something. Something hits you but does no damage.
You miss something. Something hits you. x2
You hit something. Something hits you.
You hit something but do no damage. Something hits you.
You hit something.
You hear some strange, mumbled words.
Something tries to affect you, but you resist.
You barely miss something. Something hits you.
You miss something. Something hits you.
* * * LOW HITPOINT WARNING * * *
You hear some strange, mumbled words.
You are confused.
You bump into the rock wall.
Something hits you.
* * * LOW HITPOINT WARNING * * *
Unknown command.
Okay, then.
You bump into the rock wall.
Something hits you but does no damage.
You closely miss something.
An orc wizard appears from thin air!
Reactivating autopickup.
The orc wizard barely misses you.
You hit the orc wizard.
The orc wizard is severely wounded.
The orc wizard casts a spell at you.
You are more confused.
You bump into the rock wall.
The orc wizard hits you but does no damage.
You bump into the rock wall.
The orc wizard hits you but does no damage.
You bump into the rock wall.
The orc wizard gestures at you while chanting.
The magic dart hits you!
* * * LOW HITPOINT WARNING * * *
It was a potion of might.
You feel very mighty all of a sudden.
The orc wizard points at you and mumbles some strange words.
The puff of flame hits you!
You die...

.# # . .#. #.. #.#
#.# #o# #@# #.# #.#
#.#######.
#####.........
######.........####
#......#########
#.###### #_#


You could see an orc wizard.

Vanquished Creatures
  A hound (D:2)
  An orc priest (D:3)
  4 adders (D:2)
  2 worms (D:2)
  2 dart slugs (D:1)
  2 orcs (D:3)
  A bat (D:3)
  6 endoplasms
  A giant cockroach (D:2)
  4 goblins
  2 hobgoblins
  3 jackals (D:1)
  2 quokkas (D:1)
  A ball python (D:1)
  5 frilled lizards
  4 kobolds (D:2)
  6 rats
47 creatures vanquished.

Vanquished Creatures (others)
  2 plants (D:2)
2 creatures vanquished.

Grand Total: 49 creatures vanquished

Notes
Turn   | Place    | Note
-------+----------+-------------------------------------------
     0 | D:1      | iamoutofideas the Hill Orc Gladiator began the quest for
                  | the Orb.
     0 | D:1      | Reached XP level 1. HP: 18/18 MP: 1/1
   326 | D:1      | Reached XP level 2. HP: 6/25 MP: 2/2
  1500 | D:2      | Reached XP level 3. HP: 30/30 MP: 3/3
  1518 | D:2      | Reached skill level 1 in Armour
  1925 | D:2      | Reached skill level 5 in Axes
  1930 | D:2      | Reached XP level 4. HP: 32/37 MP: 4/4
  2933 | D:3      | Found a bloodstained altar of Trog.
  2994 | D:3      | Found a faded altar of an unknown god.
  3045 | D:3      | Reached XP level 5. HP: 44/44 MP: 5/5
  3070 | D:3      | HP: 2/44 [orc wizard/magic dart (8)]
  3071 | D:3      | Killed from afar by an orc wizard

Illustrated notes

Levels and vault maps discovered:
D:1:      matt_arrival_los_fun, layout_basic
D:2:      layout_basic, minivault_25, serial_bayou_pond_a
D:3:      layout_loops_ring, amcnicky_altar_gilded, basic_ecumenical_altar,
          serial_shops, shop_fountains, shop, uniq_jessica

Skill      XL: |  1  2  3  4 |
---------------+-------------+-----
Throwing       | 2 |  2.1
Armour         | 1 |  1.8
Axes           | 5 |  5.7
Dodging        | 3 |  3.2
Fighting       | |  2.9
Stealth        | |  0.2

Action                   |  1- 3 |  4- 6 || total
-------------------------+-------+-------++-------
Melee: War axe           |    85 |    74 ||   159
  Use: Potion            |       |     1 ||     1
Armor: Leather armour    |    26 |       ||    26
       Ring mail         |     4 |    33 ||    37
Dodge: Dodged            |    56 |    31 ||    87

Table legend: (Time is in decaauts)
 A = Elapsed time spent in this place.
 B = Non-inter-level travel time spent in this place.
 C = Inter-level travel time spent in this place.
 D = Time resting spent in this place.
 E = Time spent auto-exploring this place.
 F = Levels seen in this place.
 G = Mean time per level.
                   A        B        C        D        E       F      G
               +--------+--------+--------+--------+--------+-----+--------+
         Total |   3113 |   3037 |     76 |    828 |   1837 |   3 | 1037.7 |
       Dungeon |   3113 |   3037 |     76 |    828 |   1837 |   3 | 1037.7 |
               +--------+--------+--------+--------+--------+-----+--------+

Top non-repeatable levels by time:
     D:1: 1505 daAuts
     D:2: 1463 daAuts
     D:3: 145 daAuts
